 Dungeon Crawl Stone Soup version 0.21.1-1-g345015fe64 (webtiles) character file.

128 Nattfarinn the Ruffian (level 5, -3/46 HPs)
             Began as a Ghoul Monk on May 4, 2018.
             Killed by divine providence
             ... invoked by an orc priest
              (10 damage)
             ... on level 3 of the Dungeon.
             The game lasted 00:04:16 (1547 turns).

Nattfarinn the Ruffian (Ghoul Monk)                 Turns: 1547, Time: 00:04:16

Health: -3/46      AC:  2    Str: 16    XL:     5   Next: 12%
Magic:  4/4        EV: 12    Int:  5    God:
Gold:   82         SH:  3    Dex: 11    Spells: 4/4 levels left

rFire    . . .     SeeInvis .     - Unarmed
rCold    + . .     Gourm    +   g - +0 buckler
rNeg     + + +     Faith    .   a - +0 robe
rPois    ∞         Spirit   .   (no helmet)
rElec    .         Reflect  .   (no cloak)
rCorr    .         Harm     .   (no gloves)
MR       .....                  (no boots)
Stlth    ++........             e - amulet of the gourmand
HPRegen  0.00/turn              o - ring of poison resistance
MPRegen  0.09/turn              (no ring)

@: rotting
A: rotting body, claws 1, carnivore, cold resistance 1, negative energy
resistance 3, inhibited regeneration, torment resistance, unbreathing
a: no special abilities


You were on level 3 of the Dungeon.
You were not hungry.

You visited 1 branch of the dungeon, and saw 3 of its levels.

You collected 82 gold pieces.

Inventory:

Armour
 a - a +0 robe (worn)
 g - a +0 buckler (worn)
Jewellery
 e - an amulet of the gourmand (around neck)
 o - a ring of poison resistance (left claw)
Scrolls
 c - 2 scrolls of magic mapping {unknown}
 d - 3 scrolls of amnesia {unknown}
 f - a scroll of teleportation {unknown}
 h - a scroll of fog {unknown}
 j - a scroll of random uselessness {unknown}
 n - 3 scrolls of fear {unknown}
 p - 2 scrolls of identify {unknown}
Potions
 i - a potion of flight {unknown}
 k - a potion of heal wounds {unknown}
 m - a potion of agility {unknown}
Comestibles
 b - 3 rations
 l - a chunk of flesh


   Skills:
 + Level 4.1 Fighting
 + Level 3.3 Dodging
 - Level 2.1 Stealth
 + Level 1.3 Shields
 * Level 4.7 Unarmed Combat


You had 4 spell levels left.
You didn't know any spells.

Dungeon Overview and Level Annotations

Branches:
Dungeon (3/15)

Altars:


Innate Abilities, Weirdness & Mutations

Your body is rotting away.
You thrive on raw meat.
You are immune to poison.
You have sharp fingernails.
You are carnivorous and can eat meat at any time.
Your flesh is cold resistant. (rC+)
You are immune to negative energy. (rN+++)
You do not regenerate when monsters are visible.
You are immune to unholy pain and torment.
You can survive without breathing.


Message History

The rat bites you but does no damage. The orc priest hits you.
* * * LOW HITPOINT WARNING * * *
The rat barely misses you. The rat misses you.
A rat comes into view.
The rat moves out of view.
You barely miss the rat. The rat misses you. You block the rat's attack.
You claw the rat!
You kill the rat!
You barely miss the orc priest.
The orc priest is heavily wounded.
The orc priest hits you.
* * * LOW HITPOINT WARNING * * *
A rat comes into view.
You scratch the orc priest.
The orc priest is severely wounded.
The rat barely misses you.
The orc priest calls down the wrath of Beogh upon you.
Beogh smites you!
You die...

###### .....# ##
.....# # .. ####.#
#.#.#
####.#######.#.###
#..............r@#
#.##.#######.#.#o#
....)# #...)r# #
...<.# #....†#.#
....## #.....r.#
#.###
###.#...o?o.o #.#
#.########. #.#
#.# #.# ##'##


You could see an orc priest and 3 rats.

Vanquished Creatures
  A crimson imp (D:2)
  2 adders (D:2)
  A worm (D:2)
  2 dart slugs (D:2)
  A leopard gecko (D:1)
  3 orcs (D:3)
  3 bats
  2 giant cockroaches (D:1)
  10 goblins
  7 hobgoblins
  7 jackals
  9 kobolds
  A quokka (D:2)
  A ball python (D:2)
  A frilled lizard (D:2)
  9 rats
60 creatures vanquished.

Notes
Turn   | Place    | Note
-------+----------+-------------------------------------------
     0 | D:1      | Nattfarinn the Ghoul Monk began the quest for the Orb.
     0 | D:1      | Reached XP level 1. HP: 19/19 MP: 0/0
    78 | D:1      | Reached XP level 2. HP: 22/26 MP: 1/1
   348 | D:1      | Reached XP level 3. HP: 25/31 MP: 2/2
   871 | D:2      | Reached XP level 4. HP: 39/40 MP: 3/3
   986 | D:2      | Reached skill level 1 in Shields
  1026 | D:2      | Found a faded altar of an unknown god.
  1123 | D:2      | Reached XP level 5. HP: 13/46 MP: 4/4
  1547 | D:3      | Killed from afar by an orc priest

Skill      XL: |  1  2  3  4 |
---------------+-------------+-----
Dodging        | 3 |  3.3
Unarmed Combat | 4 |  4.7
Shields        | 1 |  1.3
Fighting       | 4 |  4.1
Stealth        | |  2.1

Action                   |  1- 3 |  4- 6 || total
-------------------------+-------+-------++-------
Melee: Unarmed           |    93 |    86 ||   179
 Stab: Sleeping          |     4 |     2 ||     6
  Eat: Chunk             |    24 |    16 ||    40
Armor: Robe              |    13 |    14 ||    27
Dodge: Dodged            |    38 |    45 ||    83
Block: Buckler           |     4 |    12 ||    16
